 Dungeon Crawl Stone Soup version 0.29.0-15-g675c0067aa (webtiles) character file.

Game seed: 14712885355090573315

42 inmateoo the Charlatan (level 3, 0/26 HPs)
             Began as a Human Artificer on Sept 11, 2022.
             Slain by a goblin
             ... wielding a +0 club
             ... led by Robin
              (6 damage)
             ... on level 2 of the Dungeon.
             The game lasted 00:03:03 (2431 turns).

inmateoo the Charlatan (Human Artificer)            Turns: 2431, Time: 00:03:04

Health: 0/26       AC:  3    Str: 14    XL:     3   Next: 77%
Magic:  3/3        EV: 11    Int: 11    God:
Gold:   36         SH:  0    Dex: 13    Spells: 2/2 levels left

rFire   . . .      SeeInvis .   p - +0 short sword
rCold   . . .      Faith    .   (no shield)
rNeg    . . .      Spirit   .   b - +0 leather armour
rPois   .          Reflect  .   (no helmet)
rElec   .          Harm     .   (no cloak)
rCorr   .          Rampage  .   (no gloves)
Will    .....                   (no boots)
Stlth   ++........              (no amulet)
HPRegen 0.08/turn               (no ring)
MPRegen 0.08/turn               (no ring)

@: no status effects
A: no striking features
a: no special abilities


You were on level 2 of the Dungeon.
You visited 1 branch of the dungeon, and saw 2 of its levels.

You collected 36 gold pieces.

Inventory:

Hand Weapons
 p - a +0 short sword (weapon)
Missiles
 j - 5 poisoned darts (quivered)
Armour
 b - a +0 leather armour (worn)
Wands
 c - a wand of flame (12)
 d - a wand of charming (10)
 e - a wand of iceblast (5)
Scrolls
 a - a scroll of teleportation {unknown}
 g - a scroll of summoning {unknown}
 h - a scroll of immolation {unknown}
 i - a scroll of amnesia {unknown}
 l - 2 scrolls of fear {unknown}
 m - a scroll of torment {unknown}
 o - a scroll of magic mapping {unknown}
Potions
 f - a potion of might {unknown}
 k - a potion of lignification {unknown}
 n - a potion of curing {unknown}


   Skills:
 + Level 1.6 Fighting
 + Level 0.7 Throwing
 + Level 2.3 Armour
 + Level 1.4 Dodging
 + Level 1.7 Stealth
 + Level 3.3 Evocations


You had 2 spell levels left.
You didn't know any spells.
Your spell library contained the following spells:

 Spells                   Type           Power      Damage    Failure   Level
 Ignite Poison            Fire/Tmut/Pois 0%         N/A       78%         3
 Mephitic Cloud           Conj/Pois/Air  0%         N/A       78%         3
 Freezing Cloud           Conj/Ice/Air   0%         6-21      100%        5


Dungeon Overview and Level Annotations

Branches:
Dungeon (2/15)

Altars:

Annotations:
D:2 Robin


Message History

A hobgoblin comes into view.
Robin of the Strong Arm comes into view.
They are wielding a +0 trident.
A goblin comes into view. It is wielding a +0 club.
Found a stone staircase leading up.
The goblin shouts! x2; The hobgoblin shouts!
You hear a shout! x2
A goblin comes into view. It is wielding a +0 dagger.
A goblin comes into view. It is wielding a +0 club.
Robin throws the goblin at you!
A goblin comes into view. It is wielding a +1 vampiric dagger.
The goblin shouts!
The goblin hits you with a +0 dagger.
A goblin comes into view. It is wielding a +0 club.
Robin roars a battlecry!
The goblins go into a battle-frenzy!
You see here 9 gold pieces.
The goblin attacks as you move away! The goblin closely misses you.
A goblin comes into view. It is wielding a +0 dagger.
The goblin shouts!
Robin throws the goblin at you! The goblin attacks as you move away!
The goblin hits you but does no damage. Robin throws the goblin at you!
You hit the goblin.
The goblin is severely wounded.
The goblin hits you with a +0 dagger. The goblin closely misses you.
The goblin hits you with a +0 club.
Robin says, "Kneel, worm!"
The goblin attacks as you move away! The goblin hits you with a +0 dagger.
* * * LOW HITPOINT WARNING * * *
The goblin completely misses you. The goblin barely misses you.
Okay, then.
Okay, then.
The goblin hits you but does no damage. The goblin closely misses you.
Okay, then.
The goblin attacks as you move away! The goblin barely misses you.
Robin throws the goblin at you! The goblin barely misses you.
The goblin attacks as you move away! The goblin barely misses you.
The goblin attacks as you move away! The goblin hits you with a +0 club.
You die...

#...........< #..........#
#..........# #[.........#
#....>.....#..
###########.#...........
#.<.......#.....$....#.
#........g...........#
#####......@gg.g.........#
#.).....<..gggg.g...........
#.###.........g.w...........
#.###############g..........
#..# #.# #.#............
#..## ##.## ##..............
##..# #...# #..............
##.###.#.###.#...........
#..#..#..#..###..?.....


You could see a worm, Robin, a hobgoblin (strong) and 9 goblins.

Vanquished Creatures
  A worm (D:1)
  3 endoplasms (D:1)
  2 giant cockroaches
  6 goblins
  2 hobgoblins (D:1)
  2 jackals (D:1)
  3 kobolds
  3 ball pythons
  4 bats (D:1)
  A frilled lizard (D:1)
  4 rats
31 creatures vanquished.

Vanquished Creatures (collateral kills)
  A worm (D:1)
1 creature vanquished.

Vanquished Creatures (others)
  A jackal (D:1)
1 creature vanquished.

Grand Total: 33 creatures vanquished

Notes
Turn   | Place    | Note
-------+----------+-------------------------------------------
     0 | D:1      | inmateoo the Human Artificer began the quest for the Orb.
     0 | D:1      | Reached XP level 1. HP: 15/15 MP: 1/1
   433 | D:1      | Reached XP level 2. HP: 21/21 MP: 2/2
   538 | D:1      | Found a faded altar of an unknown god.
  1078 | D:1      | Reached XP level 3. HP: 5/26 MP: 3/3
  2418 | D:2      | Noticed Robin
  2431 | D:2      | Slain by a goblin

Illustrated notes

Levels and vault maps discovered:
D:1:      eino_arrival_druids_welcome, layout_basic, basic_ecumenical_altar
D:2:      layout_rooms, serial_curves, eino_curves_01, eino_curves_04,
          eino_curves_02, eino_curves_03, uniq_robin

Action                   || total
-------------------------++-------
Melee: Club              ||   100
       Short sword       ||    29
Throw: Dart              ||    12
Evoke: Wand              ||     8
Armor: Leather armour    ||    58
Dodge: Dodged            ||   117
